Cogmind - Beta 15 @@@ ROGUE MODE // 2025.05.19 @ 23:43:16 Player: Trione Result: Destroyed by Hotshot with Precision Phase Gun Performance ------------- Evolutions (8) 4000 Regions Visited (24) 4800 Robots Destroyed (299) 1495 Value Destroyed (14639) 14639 Prototype IDs (72) 1440 Alien Tech Used (6) 1200 Bonus (5633) 5633 TOTAL SCORE: 33207 Bonus ------- High Alert Combat Kills 1123 Follower Combat Kills 1297 Registered with UFD 300 Met Optimus in HQ 500 Met Imprinter 300 Met Zhirov 300 Met Warlord at Base 500 MAIN.C Attacked Warlord 500 Warlord Defense Kills 500 Hacked Protovariant 500 Friendly Fire -187 Cogmind --------- Core Integrity 0/1450 Matter 529/800 Energy 465/1350 System Corruption 28% Temperature Cool (9) Movement Core (300) Ox5 Location -2/Protoforge Parts ------- > --- POWER (2) -------- Micro Antimatter Reactor > --- PROPULSION (8) --- (None) > --- UTILITY (10) ----- Small Battery Advanced Energy Well Experimental Energy Well Experimental Matter Compressor Advanced Signal Interpreter Advanced Target Analyzer Experimental Armor Integrity Analyzer > --- WEAPON (3) ------- (None) > --- INVENTORY (5) ---- AEGIS Remote Shield Subatomic Replicator Enhanced Gamma Bomb Array Peak State ------------ > --- POWER ------------ Vortex Chain Reactor > --- PROPULSION ------- Cooled Gravmag System Cooled Gravmag System Cooled Antigrav System Cooled Antigrav System Cooled Antigrav System Cooled Linear Gravjet Combat Linear Gravjet Combat Linear Gravjet > --- UTILITY ---------- High-capacity Storage Unit Advanced Energy Well Advanced Signal Interpreter Experimental Armor Integrity Analyzer Improved Transmission Jammer Makeshift Propulsion Shielding Layered Heavy Armor Plating Experimental Focal Shield System Mapper > --- WEAPON ----------- Core Cannon CR-A16's Pointy Stick > --- INVENTORY -------- Quantum Reactor Experimental Energy Well Experimental Matter Compressor Layered Heavy Armor Plating AEGIS Remote Shield High-powered Transdimensional Reconstructor High-powered Transdimensional Reconstructor Subatomic Replicator Compact HERF Cannon Potential Cannon Enhanced Gamma Bomb Array Fusion Bomb Launcher LU-1G1's Laser Shovel Junk Cannon Vortex Lance [Rating: 201] Favorites ----------- Power Improved Deuterium Engine Engine Improved Deuterium Engine Power Core Neutrino Core Reactor Vortex Chain Reactor Propulsion Cooled Gravmag System Treads Armored Treads Leg Advanced VSS Leg Wheel Wheel Hover Unit Cooled Gravmag System Flight Unit Cooled Nuclear Pulse Thruster Utility Improved Heat Sink Device Improved Heat Sink Storage High-capacity Storage Unit Processor Improved Signal Interpreter Hackware System Mapper Protection Makeshift Propulsion Shielding Weapon CR-A16's Pointy Stick Energy Gun Salvaging Laser Energy Cannon Heavy Plasma Cannon Ballistic Gun Compact Gauss Rifle Ballistic Cannon Perforator Launcher Heavy Missile Launcher Special Weapon LU-1G1's Laser Shovel Impact Weapon Hammer Slashing Weapon Molecular Scythe Piercing Weapon CR-A16's Pointy Stick Build | -11 -10 -10 -9 -6 -6 -6 -6 -6 -6 -5 -5 -5 -5 -5 -4 -4 -4 -4 -3 -3 -3 -2 -2 -2 ------- Run | Yrd Mat Sub Scr Fac Was Fac Low Low Zio Pro Fac Upp Upp Zhi Pro Fac Upp War Pro Res Tes Res Qua Frg Slots Evolved 16 | . . . . 8 . . . . . . 2 . . . . 2 . . . 2 . 2 . . Power 1 | . . . . . . . . . . . . . . . . 1 . . . . . . . . Propulsion 6 | . . . . 2 . . . . . . 1 . . . . 1 . . . 1 . 1 . . Utility 8 | . . . . 5 . . . . . . 1 . . . . . . . . 1 . 1 . . Weapon 1 | . . . . 1 . . . . . . . . . . . . . . . . . . . . Parts Attached 274 | 7 12 5 12 6 1 22 5 2 4 2 26 1 8 6 1 60 1 17 1 19 26 6 14 10 Power 30 | 1 1 . 1 . . 3 . . . . 3 . 1 1 . 8 1 6 . 2 1 . . 1 Engine 11 | 1 1 . 1 . . 2 . . . . . . . . . 3 1 2 . . . . . . Core 9 | . . . . . . 1 . . . . 3 . 1 . . 3 . 1 . . . . . . Reactor 10 | . . . . . . . . . . . . . . 1 . 2 . 3 . 2 1 . . 1 Propulsion 82 | 3 1 1 2 2 . 7 1 1 1 . 9 . 2 3 1 26 . 2 . 3 4 4 5 4 Treads 13 | 1 1 . . 2 . 1 1 1 . . 2 . 2 . 1 1 . . . . . . . . Leg 4 | . . . . . . . . . . . . . . . . 1 . 1 . . . 1 1 . Wheel 26 | 2 . 1 2 . . 6 . . 1 . 2 . . . . 12 . . . . . . . . Hover 36 | . . . . . . . . . . . 5 . . . . 12 . 1 . 3 4 3 4 4 Flight 3 | . . . . . . . . . . . . . . 3 . . . . . . . . . . Utility 89 | 1 4 2 1 4 1 7 2 . 1 1 6 1 4 2 . 15 . 5 . 9 10 2 6 5 Device 36 | . 2 . . 2 . 1 . . 1 1 3 1 2 1 . 10 . 5 . 1 3 . 3 . Storage 16 | 1 2 1 1 1 . . 1 . . . 1 . . . . 1 . . . 1 3 1 1 1 Processor 10 | . . . . . . 1 . . . . 1 . . . . 1 . . . 2 3 . 1 1 Hackware 5 | . . . . . . . . . . . . . . . . 1 . . . 3 1 . . . Protection 22 | . . 1 . 1 1 5 1 . . . 1 . 2 1 . 2 . . . 2 . 1 1 3 Artifact . | . . . . . . . . . . . . . . . . . . . . . . . . . Weapon 73 | 2 6 2 8 . . 5 2 1 2 1 8 . 1 . . 11 . 4 1 5 11 . 3 . Energy Gun 14 | 2 3 . 1 . . . . . . . 2 . . . . 3 . 1 . 1 1 . . . Energy Cannon 23 | . 1 1 . . . 1 1 1 . 1 2 . . . . 4 . 1 . 2 6 . 2 . Ballistic Gun 9 | . 1 . 3 . . 1 . . . . . . . . . 2 . 1 . . 1 . . . Ballistic Cannon 1 | . . . . . . . . . . . . . . . . . . . . . 1 . . . Launcher 9 | . . 1 . . . 2 1 . . . 1 . . . . . . . 1 1 2 . . . Special Weapon 8 | . 1 . 3 . . . . . 1 . 2 . . . . 1 . . . . . . . . Impact Weapon 3 | . . . 1 . . . . . . . . . . . . 1 . . . . . . 1 . Slashing Weapon 3 | . . . . . . 1 . . . . 1 . 1 . . . . . . . . . . . Piercing Weapon 3 | . . . . . . . . . 1 . . . . . . . . 1 . 1 . . . . Special Melee Weapon . | . . . . . . . . . . . . . . . . . . . . . . . . . Unidentified Prototypes 57 | . . . 2 . . 2 1 . 2 . 9 . . 5 . 2 . 8 . 3 14 2 5 2 Corrupted Parts 1 | . . . . . . . . . . . . . . . . 1 . . . . . . . . System Corruption 1 | . . . . . . . . . . . . . . . . 1 . . . . . . . . Parts Lost 129 | . . 4 . . . 4 . . . . 21 . 4 . 3 51 3 . . 1 7 3 5 23 Power 16 | . . . . . . . . . . . 2 . 1 . . 8 2 . . . 2 . . 1 Propulsion 50 | . . 2 . . . 3 . . . . 10 . . . 1 18 . . . . 2 2 1 11 Utility 39 | . . 1 . . . . . . . . 6 . 3 . 1 14 1 . . 1 3 1 3 5 Weapon 24 | . . 1 . . . 1 . . . . 3 . . . 1 11 . . . . . . 1 6 Highest Loss Streak 15 | . . 3 . . . 1 . . . . 13 . 3 . 2 15 3 . . 1 2 3 3 10 To Critical Strikes 2 | . . 1 . . . . . . . . . . . . . . 1 . . . . . . . Average Backups 18 | 4 10 13 17 17 20 22 22 23 23 23 21 19 15 11 19 15 17 17 17 17 17 16 16 15 Power . | . 1 1 . 1 1 1 1 1 1 1 1 1 . . 1 . . . 1 1 1 1 1 1 Propulsion 2 | 2 3 2 2 1 1 1 4 5 3 3 1 2 . 2 . . 6 4 4 2 1 1 1 2 Utility 6 | . 2 5 6 4 5 8 8 8 8 9 7 5 5 5 7 5 4 5 5 4 4 4 3 2 Weapon 7 | 2 3 4 6 9 10 9 7 7 7 8 8 10 9 2 9 7 5 5 5 6 8 8 7 6 Tool/Special . | . . . . . . . . . . . . . . . . . . . . . . . . . Unused Backups 32 | . 3 3 2 . . 4 3 . . . . . . . . 4 . 1 . 3 2 1 4 2 Power 3 | . 1 . . . . 1 1 . . . . . . . . . . . . . . . . . Propulsion 5 | . 1 2 1 . . . 1 . . . . . . . . . . . . . . . . . Utility 13 | . 1 1 . . . 1 1 . . . . . . . . 3 . 1 . 3 1 . 1 . Weapon 5 | . . . . . . 2 . . . . . . . . . 1 . . . . 1 . . 1 Tool/Special 6 | . . . 1 . . . . . . . . . . . . . . . . . . 1 3 1 Average Slot Usage (%) 89 | . 98 100 82 96 100 99 92 93 93 93 87 59 83 71 98 74 77 86 93 94 93 93 91 83 Engine 5 | . 14 14 14 6 6 6 6 6 6 6 2 . . . . 1 . 5 . . . . . . Reactor 1 | . . . . . . . . . . . . . . 2 5 3 . . 5 4 7 4 4 4 Treads 5 | . 2 7 15 12 13 11 . 6 6 6 8 . 11 2 17 5 . . . . . . . . Wheel 10 | . 25 20 12 13 13 14 25 19 20 20 15 . . . . 7 4 1 . . . . . . Hover 10 | . . . . . . . . . . . 2 11 11 11 10 5 26 29 31 32 32 33 33 30 Device 12 | . 12 13 . 24 22 20 17 19 20 17 17 11 19 17 17 15 6 11 15 14 10 13 8 5 Storage 8 | . 14 14 14 12 13 9 8 6 6 6 7 11 11 11 11 6 5 5 5 4 4 8 8 9 Processor 3 | . . . . . . 2 6 6 6 6 5 11 2 . . 1 . . . 1 9 8 9 9 Hackware 1 | . . . . . . . . . . . . . . . . 3 5 5 5 6 4 4 4 2 Protection 6 | . . . . 5 10 11 6 6 6 7 4 . 2 12 16 7 13 11 10 9 7 5 7 6 Energy Gun 1 | . 18 10 . . . . . . . . . . . . 5 2 . . . . 1 . 2 2 Energy Cannon 8 | . 1 17 18 5 . 5 9 10 13 12 4 . 3 . . 5 6 3 4 6 5 3 3 3 Ballistic Gun 2 | . 4 . 1 13 13 11 7 3 . 5 3 . 5 . . 1 . . . . 1 3 . . Special Weapon 1 | . 3 . 2 . 5 . 1 . . . 1 3 4 1 5 . 1 . 4 1 . . . . Piercing Weapon 1 | . . . . . . . . . 3 . 2 . . . . . 5 4 4 1 3 4 4 4 Peak Build Rating 201 | 6 10 12 28 48 55 59 64 61 64 63 92 82 106 110 110 115 112 135 139 152 177 190 201 201 Average Rating 79 | 3 8 9 12 46 54 55 59 59 60 61 69 74 90 73 107 76 99 114 131 146 158 181 184 169 On Entrance 81 | . 6 8 12 25 48 55 55 63 59 60 61 80 82 73 110 90 111 95 130 135 150 170 163 188 Naked Turns . | . . . . . . . . . . . . . . . . . . . . . . . . . Heaviest Build 146 | 13 30 37 59 113 124 128 136 128 135 135 146 66 80 95 95 122 102 111 121 126 127 128 137 143 Greatest Support 129 | 20 20 20 40 32 32 46 46 36 36 36 37 38 38 74 97 97 65 66 66 112 118 109 129 103 Greatest Overweight (x) 10 | 1 1 3 3 3 3 7 3 3 3 3 7 4 3 3 1 10 10 9 1 1 1 1 1 1 Average Overweight (x) 1 | . . 1 2 3 3 2 2 3 3 3 2 1 1 1 . 3 7 2 1 . . . . . Largest Inventory Capacity 25 | 8 15 25 25 25 25 25 25 25 25 25 25 20 20 20 20 20 20 20 20 20 20 20 20 20 Average Capacity 21 | 6 12 15 24 25 25 25 25 25 25 25 23 20 20 20 20 19 20 20 20 20 20 20 20 18 Most Carried 25 | 8 15 15 25 24 24 25 25 25 25 25 25 20 20 20 20 20 20 20 20 20 20 20 20 20 Average Carried 20 | 4 10 14 18 19 22 24 24 24 24 25 22 19 16 11 20 16 18 19 19 19 19 19 19 17 Final Capacity 25 | 8 15 15 25 25 25 25 25 25 25 25 20 20 20 20 20 20 20 20 20 20 20 20 20 5 Final Carried 25 | 6 15 15 25 21 24 25 25 25 25 25 19 20 20 20 20 19 19 20 20 19 20 20 20 3 Class Distribution -------------------- 37% | Mutant 21% | Scavenger-Mutant 15% | Hacker-Mutant 13% | Scavenger-Skirmisher 4% | Scavenger-Tank Dominant Class ---------------- Mutant | -10/Materials Mutant | -10/Subcaves Mutant | -9/Scraptown Scavenger-Skirmisher | -6/Factory Scavenger-Tank | -6/Waste Commander-Tank | -6/Factory Scavenger-Skirmisher | -6/Lower Caves Scavenger-Mutant | -6/Lower Caves Scavenger-Mutant | -6/Zion Scavenger-Skirmisher | -5/Proximity Caves Scavenger-Mutant | -5/Factory Mutant | -5/Upper Caves Scavenger-Gunner | -5/Upper Caves Mutant | -5/Zhirov Scavenger-Mutant | -4/Proximity Caves Scavenger-Mutant | -4/Factory Mutant | -4/Upper Caves Mutant | -4/Warlord Mutant | -3/Proximity Caves Mutant | -3/Research Hacker-Mutant | -3/Testing Hacker-Mutant | -2/Research Hacker-Mutant | -2/Quarantine Hacker-Mutant | -2/Protoforge Resources | -11 -10 -10 -9 -6 -6 -6 -6 -6 -6 -5 -5 -5 -5 -5 -4 -4 -4 -4 -3 -3 -3 -2 -2 -2 ----------- Run | Yrd Mat Sub Scr Fac Was Fac Low Low Zio Pro Fac Upp Upp Zhi Pro Fac Upp War Pro Res Tes Res Qua Frg Matter Collected 11026 | 233 783 433 386 104 . 641 311 228 80 246 855 112 129 200 152 1121 121 534 157 1017 1237 570 860 516 Remotely . | . . . . . . . . . . . . . . . . . . . . . . . . . Salvage Created 14576 | . 324 592 252 . . 807 278 151 . 558 1761 52 82 . 30 1651 147 240 373 1158 1725 462 2248 1685 Parts 659 | . 7 25 16 . . 28 11 8 . 13 105 4 5 . . 86 4 7 15 69 88 19 75 74 Haulers Intercepted 6 | . 2 . . . . . . . . . 1 . . . . 1 . . . 1 . . 1 . Recyclers Shooed 12 | . . . . . . 3 . . . . 4 . . . . 3 . . . 2 . . . . Parts Field Recycled . | . . . . . . . . . . . . . . . . . . . . . . . . . Retrieved Matter . | . . . . . . . . . . . . . . . . . . . . . . . . . Parts Self-Destructed 80 | . . 10 . . . . 9 22 . 12 . 4 4 . 15 . 2 . 2 . . . . . Prevented 29 | . . . . . . . 12 3 . 1 . . . . 2 . . . 11 . . . . . Kills | -11 -10 -10 -9 -6 -6 -6 -6 -6 -6 -5 -5 -5 -5 -5 -4 -4 -4 -4 -3 -3 -3 -2 -2 -2 ------- Run | Yrd Mat Sub Scr Fac Was Fac Low Low Zio Pro Fac Upp Upp Zhi Pro Fac Upp War Pro Res Tes Res Qua Frg Combat Hostiles Destroyed 217 | . 3 13 7 . . 8 9 6 . 3 25 4 2 . . 31 3 3 6 17 23 7 22 25 Melee 13 | . . . . . . . . . . . . . . . . 3 2 . . 6 1 . . 1 Guns 48 | . 3 3 1 . . . . . . . 1 . . . . 4 . . . . 10 5 13 8 Cannons 47 | . . 9 . . . 6 . 1 . 1 6 . 2 . . 8 1 . . 1 4 1 . 7 AOE 82 | . . 1 6 . . 2 7 5 . 1 18 4 . . . 11 . 3 5 7 2 1 3 6 Classes Destroyed 27 | . 4 2 3 . . 6 1 . . 1 5 . . . . 1 . 1 . 2 . . . 1 Worker 31 | . . . . . . 4 . . . . 11 . . . . 6 . . . 4 4 . 1 1 Builder 20 | . . . . . . . . . . . 9 . . . . 6 . . . 3 2 . . . Tunneler 4 | . . . . . . . . . . . 1 . . . . 1 . . . 2 . . . . Hauler 6 | . 2 . . . . . . . . . 1 . . . . 1 . . . 1 . . 1 . Recycler 10 | . 1 . . . . 2 . . . . 4 . . . . 1 . . . . . . 2 . Mechanic 2 | . . . . . . . . . . . . . . . . . . . . 1 . . 1 . Operator 1 | . . . . . . 1 . . . . . . . . . . . . . . . . . . Drone 2 | . . . . . . . . . . . . . . . . . . . . . . . . 2 Watcher 7 | . 1 . . . . 1 . . . . 2 . . . . 1 . . . 1 . . . 1 Swarmer 31 | . . . . . . . 6 4 . . 4 4 . . . 5 1 . 3 . . . . 4 Cutter 2 | . . . . . . . . . . . . . . . . . . . . 2 . . . . Saboteur 1 | . . . . . . . . . . . 1 . . . . . . . . . . . . . Grunt 48 | . 3 3 . . . 2 2 2 . 1 7 . . . . 4 . 2 3 4 3 . 9 3 Brawler 5 | . . . . . . 1 . . . . . . . . . 2 . . . . 1 . 1 . Duelist 2 | . . . . . . 1 . . . . . . . . . . . . . . . . 1 . Protector 1 | . . . . . . . . . . . 1 . . . . . . . . . . . . . Sentry 9 | . . 1 . . . 1 1 . . 1 . . . . . 1 . . . 1 . . . 3 Specialist 9 | . . . . . . . . . . . 2 . . . . 4 . . . . 3 . . . Hunter 31 | . . . . . . 2 . . . . 5 . . . . 4 2 . . 2 6 4 2 4 Programmer 53 | . . . . . . 1 . . . . 5 . 2 . . 10 . . . 8 10 3 9 5 Behemoth 1 | . . . . . . . . . . 1 . . . . . . . . . . . . . . Hotshot 4 | . . . . . . . . . . . . . . . . . . . . . . . . 4 Striker 1 | . . . . . . . . . . . . . . . . . . 1 . . . . . . Executioner 1 | . . . . . . . . . . . . . . . . 1 . . . . . . . . Subdweller 9 | . . 9 . . . . . . . . . . . . . . . . . . . . . . Federalist 3 | . . . 3 . . . . . . . . . . . . . . . . . . . . . Explorer 2 | . . . 2 . . . . . . . . . . . . . . . . . . . . . Scrapper 2 | . . . 2 . . . . . . . . . . . . . . . . . . . . . Decomposer 4 | . . . . . . . . . . 3 . . . . . . 1 . . . . . . . Savage 1 | . . . . . . . . . . . 1 . . . . . . . . . . . . . Best Kill Streak 14 | . 2 3 7 . . 4 5 3 . 1 14 4 1 . . 13 1 3 3 5 7 5 5 4 Combat Bots Only 8 | . 2 3 7 . . 2 5 3 . 1 8 4 1 . . 8 1 3 3 3 6 5 5 4 Max Kills in Single Turn 5 | . 1 1 3 . . 2 3 3 . 1 5 4 1 . . 3 1 3 2 4 2 2 3 2 Gunslinging . | . . . . . . . . . . . . . . . . . . . . . . . . . Exploded 4 | . . 1 3 . . 1 3 3 . 1 4 4 . . . 3 . 3 2 2 1 1 2 2 Melee 1 | . . . . . . . . . . . . . . . . 1 1 . . 1 1 . . 1 Uniques/NPCs Destroyed . | . . . . . . . . . . . . . . . . . . . . . . . . . Combat | -11 -10 -10 -9 -6 -6 -6 -6 -6 -6 -5 -5 -5 -5 -5 -4 -4 -4 -4 -3 -3 -3 -2 -2 -2 -------- Run | Yrd Mat Sub Scr Fac Was Fac Low Low Zio Pro Fac Upp Upp Zhi Pro Fac Upp War Pro Res Tes Res Qua Frg Hostile Shots Fired 1871 | . 9 38 18 . . 85 14 . . 13 293 10 35 . 36 358 92 6 16 124 199 95 146 284 Missed 642 | . 3 12 7 . . 35 6 . . 1 69 4 13 . 10 125 37 4 4 63 95 41 38 75 Hits 1229 | . 6 26 11 . . 50 8 . . 12 224 6 22 . 26 233 55 2 12 61 104 54 108 209 Melee 23 | . . . 1 . . . . . . . . . . . . 13 . . . . . . 3 6 Projectile 1206 | . 6 26 10 . . 50 8 . . 12 224 6 22 . 26 220 55 2 12 61 104 54 105 203 AOE 7 | . . . . . . 3 . . . . . . . . . 3 . . . 1 . . . . Critical Strikes 80 | . . 1 1 . . 1 . . . . 11 . 4 . 1 15 2 . . 5 7 3 9 20 Actively Blocked 16 | . . . . . . . . . . . . . . . . 6 . . . 2 . . 6 2 Part Disruptions 10 | . . . . . . . . . . . 1 . . . . 7 . . . . 1 . . 1 Actively Blocked 3 | . . . . . . . . . . . . . . . . 2 . . . . . . . 1 Damage Taken 24183 | . 62 570 217 58 . 1089 96 . . 277 4620 93 808 . 592 5063 1006 90 225 1322 1534 724 1478 4259 Core 3582 | . 10 131 66 . . 104 . . . . 760 18 210 . . 676 61 . 17 92 128 91 185 1033 Absorbed by Shields 2306 | . . . . . . . . . . . . . . . . . . . . . . 301 972 1033 Redirected to Shielding 704 | . . . . . . . . . . . . . 3 . 27 318 16 5 7 33 44 33 48 170 Ignored by Resistances 444 | . . . . . . . . . . . . . . . . . . 11 63 . 149 166 55 . Regen/Repaired (Parts) 555 | . 17 . . . . . . . . . . . . . . . . 298 . . 152 . 88 . Core Remaining (%) 52 | 100 . . 17 . . . . . . 87 . . . . 1 . . . 29 . 83 . . . Volleys Fired 1166 | . 53 61 14 . . 47 20 32 . 29 81 1 17 . 7 123 12 6 78 69 177 26 167 146 Largest 3 | . 2 2 2 . . 3 2 3 . 3 3 1 2 . 1 3 2 1 1 2 2 1 2 1 Hottest 313 | . 100 140 140 . . 150 90 205 . 205 203 30 143 . 65 236 220 110 110 201 313 200 163 200 Shots Fired 1463 | . 90 90 21 . . 105 22 40 . 40 131 1 24 . 7 193 16 6 78 74 190 26 169 140 Gun 488 | . 69 25 11 . . 60 . 4 . 4 40 . 8 . 7 54 . . . . 41 10 96 59 Cannon 822 | . 5 56 6 . . 40 10 33 . 33 67 . 13 . . 117 16 4 72 62 142 16 65 65 Launcher 101 | . . 4 3 . . 5 12 3 . 3 11 1 3 . . 9 . 1 6 10 7 . 8 15 Special 52 | . 16 5 1 . . . . . . . 13 . . . . 13 . 1 . 2 . . . 1 Kinetic 241 | . 18 4 7 . . 63 2 4 . 7 44 . 8 . . 42 . . . . 29 9 4 . Thermal 1006 | . 69 86 8 . . 40 10 30 . 15 67 . 13 . . 101 16 1 72 54 136 17 154 117 Explosive 48 | . . . . . . 2 2 3 . . 9 1 3 . . 11 . . . 7 2 . . 8 Electromagnetic 143 | . 3 . 5 . . . 8 3 . 18 1 . . . 7 28 . 4 6 11 23 . 11 15 Impact 13 | . . . . . . . . . . . . . . . . 11 . . . 2 . . . . Robot Hit Streak 61 | . 8 18 7 . . 8 . 6 . 5 16 2 3 . 4 8 3 5 1 3 13 5 61 22 Robot Miss Streak 6 | . 3 3 2 . . 2 . 1 . 2 4 . 1 . 1 6 4 . 4 2 4 3 5 5 Penetration Max 2 | . . . . . . . . . . . 1 . . . . 1 . . . . 1 2 . . Secondary Targets . | . . . . . . . . . . . . . . . . . . . . . . . . . Shots Hit Robots 670 | . 41 55 14 . . 65 . 10 . 22 87 1 8 . 6 111 10 3 2 48 51 9 76 51 Core Hits 586 | . 13 30 16 . . 40 12 11 . 14 85 5 4 . 1 82 6 8 17 43 55 10 64 70 Critical Kills 26 | . . . . . . 1 . . . 1 . . . . . 1 . . . . 11 5 5 2 Critical Parts Destroyed 38 | . . . . . . . . . . . 1 . . . . 1 . . . 1 15 7 11 2 Critical Strikes 80 | . . . . . . 1 . . . 1 5 . . . . 5 2 . . 3 27 12 16 8 Meltdown 2 | . . . . . . . . . . 1 . . . . . 1 . . . . . . . . Destroy 62 | . . . . . . 1 . . . . 1 . . . . 1 . . . . 26 12 16 5 Corrupt 2 | . . . . . . . . . . . . . . . . 1 . . . . . . . 1 Smash 2 | . . . . . . . . . . . . . . . . 1 . . . 1 . . . . Sever 2 | . . . . . . . . . . . 2 . . . . . . . . . . . . . Impale 7 | . . . . . . . . . . . 2 . . . . 1 2 . . . 1 . . 1 Sunder 3 | . . . . . . . . . . . . . . . . . . . . 2 . . . 1 Melee Attacks 157 | . . . 2 . . 7 . . 1 3 27 1 . . . 15 6 . . 53 18 . 7 17 Kinetic 2 | . . . . . . . . . . . . . . . . . . . . . . . . 2 Impact 5 | . . . 2 . . 3 . . . . . . . . . . . . . . . . . . Slashing 71 | . . . . . . 4 . . 1 . 12 1 . . . 7 2 . . 44 . . . . Piercing 71 | . . . . . . . . . . 3 15 . . . . 8 4 . . 3 18 . 7 13 Entropic 8 | . . . . . . . . . . . . . . . . . . . . 6 . . . 2 Sneak Attacks 38 | . . . . . . 4 . . . 3 14 . . . . 5 2 . . 5 2 . 3 . Combat Hostiles 2 | . . . . . . . . . . . 1 . . . . . 1 . . . . . . . Follow-up Attacks 4 | . . . . . . . . . . . . . . . . . . . . 4 . . . . Damage Inflicted 41165 | . 446 1216 618 . . 2455 739 668 . 1364 6886 197 508 . 123 7167 502 403 658 4466 2536 561 4194 5458 Guns 8034 | . 393 173 138 . . 780 . 63 . 42 705 . 50 . 123 939 . . . . 437 126 2612 1453 Cannons 9126 | . 53 652 89 . . 546 . 191 . 548 976 . 239 . . 2174 286 72 . 707 832 198 92 1471 Explosions 17763 | . . 391 391 . . 766 739 414 . 579 3777 197 219 . . 2764 . 331 658 1820 1002 237 1288 2190 Melee 5223 | . . . . . . 347 . . . 195 1305 . . . . 593 216 . . 1756 265 . 202 344 Ramming 16 | . . . . . . 16 . . . . . . . . . . . . . . . . . . Kinetic 6348 | . 130 391 448 . . 1436 328 63 . 483 1688 . 50 . . 719 . . . . 270 126 36 180 Thermal 13364 | . 290 825 135 . . 656 55 135 . 299 976 . 239 . . 1951 286 231 . 408 690 435 2623 3130 Explosive 8905 | . . . . . . . . 414 . . 2771 197 219 . . 2764 . . . 1515 86 . . 939 Electromagnetic 6486 | . 26 . 35 . . . 356 56 . 387 23 . . . 123 443 . 172 658 604 1225 . 1333 1045 Impact 850 | . . . . . . . . . . . . . . . . 667 . . . 183 . . . . Slashing 2719 | . . . . . . 347 . . . . 548 . . . . 370 112 . . 1342 . . . . Piercing 2059 | . . . . . . . . . . 195 880 . . . . 253 104 . . 63 265 . 202 97 Entropic 418 | . . . . . . . . . . . . . . . . . . . . 351 . . . 67 Highest Corruption 56 | . . . . . . . . . . . 45 45 56 56 56 45 45 45 1 11 19 2 23 28 Average Corruption 28 | . . . . . . . . . . . 30 45 53 56 56 28 45 45 1 6 14 1 9 25 Corruption Purged 4 | . . . . . . . . . . . . . . . . . . . . . . . 4 . Corruption Blocked . | . . . . . . . . . . . . . . . . . . . . . . . . . Effects 475 | . . . . . . . . . . . 32 21 52 27 44 69 28 3 1 33 80 . 26 59 Message Errors 116 | . . . . . . . . . . . 5 8 8 8 14 11 8 2 . 10 24 . 5 13 Matter Fused 94 | . . . . . . . . . . . 7 4 10 6 9 14 5 . 1 6 16 . 4 12 Heat Flow Errors 50 | . . . . . . . . . . . 2 . 7 4 9 5 1 . . 5 6 . 2 9 Energy Discharges 64 | . . . . . . . . . . . 4 5 6 4 4 10 5 . . 6 9 . 7 4 Parts Rejected 9 | . . . . . . . . . . . 1 . 1 . . 3 . . . . 2 . 1 1 Parts Fused 2 | . . . . . . . . . . . . . . . . . . . . . 1 . . 1 Data Loss (minor) 55 | . . . . . . . . . . . 1 3 10 3 2 8 6 1 . 4 7 . 4 6 Data Loss (major) 19 | . . . . . . . . . . . . . 1 2 2 7 . . . 1 2 . 2 2 Misfires 11 | . . . . . . . . . . . . . 2 . 1 3 1 . . . 3 . . 1 Alerts 8 | . . . . . . . . . . . . 1 1 . 1 3 . . . . 1 . . 1 Misdirections 20 | . . . . . . . . . . . 10 . 3 . 1 1 . . . . 2 . 1 2 Weapon Failures 27 | . . . . . . . . . . . 2 . 3 . 1 4 2 . . 1 7 . . 7 Overload Shots . | . . . . . . . . . . . . . . . . . . . . . . . . . Overflow Damage 2232 | . . . . . . 181 24 . . 229 555 . 44 . . 325 . . . 427 91 . 40 316 Projectiles 770 | . . . . . . 17 . . . 67 9 . 38 . . 188 . . . 226 59 . . 166 Explosions 410 | . . . . . . 52 24 . . 43 98 . 6 . . 65 . . . . 4 . . 118 Melee 1052 | . . . . . . 112 . . . 119 448 . . . . 72 . . . 201 28 . 40 32 Knockbacks 5 | . . . . . . . . . . . . . . . . 3 . . . 2 . . . . Impact 4 | . . . . . . . . . . . . . . . . 3 . . . 1 . . . . Kinetic . | . . . . . . . . . . . . . . . . . . . . . . . . . Secondary 1 | . . . . . . . . . . . . . . . . . . . . 1 . . . . Self-Inflicted Damage 496 | . . . . . . 8 . . . . 44 . 28 . . 63 . 11 28 18 98 34 . 164 Shots 21 | . . . . . . . . . . . 2 . 1 . . 2 . 1 3 1 6 1 . 4 Rammed 1 | . . . . . . 1 . . . . . . . . . . . . . . . . . . Targets Rammed 1 | . . . . . . 1 . . . . . . . . . . . . . . . . . . Kicked . | . . . . . . . . . . . . . . . . . . . . . . . . . Crushed . | . . . . . . . . . . . . . . . . . . . . . . . . . Highest Temperature 593 | . 110 90 295 . . 162 2 189 . 144 593 . 229 251 224 302 177 154 280 340 288 154 199 241 Average Temperature 78 | . 29 26 114 . . 42 1 27 . 47 198 . 105 99 77 109 51 66 91 87 63 35 95 69 Received Heat Transfer 2123 | . 36 108 121 . . 132 18 . . 48 409 . 73 . 123 147 . 9 21 57 . 54 32 735 Effects 11 | . . . . . . . . . . . 10 . . . . . . . . 1 . . . . Shutdowns 3 | . . . . . . . . . . . 3 . . . . . . . . . . . . . Energy Bleed 1 | . . . . . . . . . . . 1 . . . . . . . . . . . . . Short Circuit 1 | . . . . . . . . . . . . . . . . . . . . 1 . . . . Damage (major) 4 | . . . . . . . . . . . 4 . . . . . . . . . . . . . Damage (core) 2 | . . . . . . . . . . . 2 . . . . . . . . . . . . . Siege Activations . | . . . . . . . . . . . . . . . . . . . . . . . . . Martial Activations . | . . . . . . . . . . . . . . . . . . . . . . . . . Shielding Activations . | . . . . . . . . . . . . . . . . . . . . . . . . . Robots Disrupted 3 | . . . . . . . . . . . . . . . . . 1 1 . . 1 . . . Combat Hostiles 3 | . . . . . . . . . . . . . . . . . 1 1 . . 1 . . . Robots Corrupted 29 | . 1 . . . . . 2 . . 1 . . . . . 4 . . 1 4 6 . 7 3 Combat Hostiles 26 | . . . . . . . 2 . . 1 . . . . . 4 . . 1 3 6 . 6 3 Parts Fried 66 | . 3 . . . . 1 2 . . 1 . . . . . 2 . . 8 5 13 . 20 11 Impact Corruptions 15 | . . . . . . . . . . . . . . . . 5 . . . 10 . . . . Robots Melted 2 | . . . . . . . . . . 1 . . . . . 1 . . . . . . . . Combat Hostiles 2 | . . . . . . . . . . 1 . . . . . 1 . . . . . . . . Parts Melted 20 | . . 2 1 . . 6 . . . 2 1 . . . . 6 . . . . 2 . . . Heat Transferred 15308 | . 761 1622 187 . . 950 50 161 . 324 1173 . 185 . . 1942 . 200 . 296 555 370 3293 3239 Parts Sabotaged 4 | . . . . . . . . . . . . . . . . 4 . . . . . . . . Parts Stolen . | . . . . . . . . . . . . . . . . . . . . . . . . . Parts Stripped . | . . . . . . . . . . . . . . . . . . . . . . . . . Power Chain Reactions 6 | . . . . . . . 1 . . 2 . . . . . . . 2 1 . . . . . Alert | -11 -10 -10 -9 -6 -6 -6 -6 -6 -6 -5 -5 -5 -5 -5 -4 -4 -4 -4 -3 -3 -3 -2 -2 -2 ------- Run | Yrd Mat Sub Scr Fac Was Fac Low Low Zio Pro Fac Upp Upp Zhi Pro Fac Upp War Pro Res Tes Res Qua Frg Maximum Alert Level 3 | . . . . . . 2 . . . . 3 . . . . 2 . . . 2 3 2 2 3 Low Security (%) 42 | 100 100 . . 100 100 80 . . . . 40 . . . . 31 . . . 70 . . 6 24 Level 1 35 | . . . . . . 15 . . . . 18 . . . . 51 . . . 20 52 29 81 48 Level 2 19 | . . . . . . 4 . . . . 40 . . . . 17 . . . 8 36 70 12 26 Level 3 1 | . . . . . . . . . . . . . . . . . . . . . 10 . . . Level 4 . | . . . . . . . . . . . . . . . . . . . . . . . . . Level 5 . | . . . . . . . . . . . . . . . . . . . . . . . . . High Security . | . . . . . . . . . . . . . . . . . . . . . . . . . Max Security . | . . . . . . . . . . . . . . . . . . . . . . . . . Peak Influence 811 | . 94 . . 14 3 492 . . . . 705 . . . . 514 . . . 521 811 610 448 791 Initial 447 | . . . . . . . . . . . . . . . . 306 . . . 22 292 447 338 180 Average 251 | . 11 . . 1 . 94 . . . . 304 . . . . 281 . . . 178 453 434 324 332 Influence Increases 10302 | . 207 90 . 14 14 914 258 257 . 396 1168 90 110 . 111 1421 130 162 185 1011 1175 439 867 1283 Destroy 0b10 Robot/C 4600 | . 60 80 . . . 380 180 180 . 240 540 80 40 . 60 620 60 120 120 340 460 140 440 460 Destroy 0b10 Robot/NC 475 | . 20 . . . . 45 . . . 10 170 . . . 15 80 . . . 60 30 . 25 20 Destroy Leader 798 | . 26 10 . . . 114 10 40 . 30 86 10 10 . . 114 10 . 20 84 60 30 52 92 Allied During Kill 366 | . . . . . . 80 38 37 . 116 17 . . . 36 . . 42 . . . . . . Successful Hack 258 | . 25 . . 14 . 17 . . . . . . . . . . . . . 25 66 28 47 36 Disable Machine 645 | . . . . . . 120 . . . . 45 . . . . 60 . . . 60 210 . 105 45 Destroy Structure 2020 | . 16 . . . 14 113 . . . . 250 . . . . 232 . . . 292 244 121 138 600 Advance Influence 300 | . . . . . . . . . . . . . . . . 300 . . . . . . . . Partial Spotted 45 | . . . . . . . . . . . 15 . . . . . . . . 30 . . . . Lose Combat Pursuer 795 | . 60 . . . . 45 30 . . . 45 . 60 . . 15 60 . 45 120 105 120 60 30 Influence Decreases 9521 | . 207 90 . 14 14 422 750 257 . 396 546 453 315 54 101 1079 383 246 166 524 901 632 1148 823 Entered New Map 1761 | . . . . . . . 183 . . . . 231 50 54 . 4 131 99 15 12 229 348 264 141 Time Decay 5862 | . 207 90 . 14 14 294 567 217 . 376 276 222 225 . 61 565 222 47 151 502 592 254 514 452 Lost Part 1220 | . . . . . . 20 . . . . 210 . 40 . 20 510 30 . . 10 70 30 50 230 Lost Ally 378 | . . . . . . 108 . 40 . 20 60 . . . 20 . . 100 . . 10 . 20 . Purge Threat 300 | . . . . . . . . . . . . . . . . . . . . . . . 300 . Squads Dispatched 60 | . 3 . . . . 12 . . . . 3 . . . . 9 . . . 7 8 6 4 8 Investigation 8 | . . . . . . 4 . . . . . . . . . . . . . 1 . 3 . . Extermination 23 | . . . . . . 3 . . . . 1 . . . . 4 . . . 3 4 2 3 3 Reinforcement 23 | . 3 . . . . 4 . . . . 2 . . . . 3 . . . 3 3 . 1 4 Assault 4 | . . . . . . . . . . . . . . . . 1 . . . . 1 1 . 1 Garrison 2 | . . . . . . 1 . . . . . . . . . 1 . . . . . . . . Intercept . | . . . . . . . . . . . . . . . . . . . . . . . . . Searches Triggered . | . . . . . . . . . . . . . . . . . . . . . . . . . Construction Impeded 6 | . . . . . . 1 . . . . 1 . . . . 1 . . . . 2 . . 1 Haulers Reinforced 5 | . . . . . . 1 . . . . 1 . . . . 1 . . . 1 . . 1 . Active Scanning Responses . | . . . . . . . . . . . . . . . . . . . . . . . . . Cargo Convoy Interrupts 2 | . . . . . . . . . . . 1 . . . . 1 . . . . . . . . Stealth | -11 -10 -10 -9 -6 -6 -6 -6 -6 -6 -5 -5 -5 -5 -5 -4 -4 -4 -4 -3 -3 -3 -2 -2 -2 --------- Run | Yrd Mat Sub Scr Fac Was Fac Low Low Zio Pro Fac Upp Upp Zhi Pro Fac Upp War Pro Res Tes Res Qua Frg Distress Signals 15 | . 1 . . . . 1 . . . . . . . . . 3 . 1 . 1 3 2 . 3 Communications Jammed 120 | . . . . . . . . . . . 77 . . . 2 2 . . . . 2 10 8 19 Distress Signals 111 | . . . . . . . . . . . 70 . . . . 2 . . . . 2 10 8 19 Times Spotted 426 | . 21 14 15 . 1 24 6 5 1 12 58 5 7 . 7 56 7 4 8 28 33 23 37 54 Peak Tracking Total 13 | . 4 3 6 . 1 7 5 3 1 5 12 4 4 . 3 12 5 5 5 4 7 11 8 13 Tactical Retreats 29 | . 2 . . . . 2 1 . . . 3 . 1 . . 1 1 . 2 4 3 4 3 2 Traps | -11 -10 -10 -9 -6 -6 -6 -6 -6 -6 -5 -5 -5 -5 -5 -4 -4 -4 -4 -3 -3 -3 -2 -2 -2 ------- Run | Yrd Mat Sub Scr Fac Was Fac Low Low Zio Pro Fac Upp Upp Zhi Pro Fac Upp War Pro Res Tes Res Qua Frg Traps Triggered 10 | . . 1 . 2 . 2 . . . . 1 . . . . . . 1 . 1 . . . 2 Indirectly 2 | . . . . . . . . . . . . . . . . . . . . . . . . 2 Trap Hack Attempts . | . . . . . . . . . . . . . . . . . . . . . . . . . Triggered . | . . . . . . . . . . . . . . . . . . . . . . . . . Disarmed . | . . . . . . . . . . . . . . . . . . . . . . . . . Reprogrammed . | . . . . . . . . . . . . . . . . . . . . . . . . . Reused . | . . . . . . . . . . . . . . . . . . . . . . . . . Traps Extracted . | . . . . . . . . . . . . . . . . . . . . . . . . . Installed . | . . . . . . . . . . . . . . . . . . . . . . . . . Triggered . | . . . . . . . . . . . . . . . . . . . . . . . . . Machines | -11 -10 -10 -9 -6 -6 -6 -6 -6 -6 -5 -5 -5 -5 -5 -4 -4 -4 -4 -3 -3 -3 -2 -2 -2 ---------- Run | Yrd Mat Sub Scr Fac Was Fac Low Low Zio Pro Fac Upp Upp Zhi Pro Fac Upp War Pro Res Tes Res Qua Frg Machines Disabled 60 | . . . 11 . . 8 . . . . 3 . 1 . 1 4 . 1 . 4 16 1 7 3 Max in Single Turn 5 | . . . 1 . . 5 . . . . 1 . 1 . 1 1 . 1 . 1 2 1 1 1 Garrison Access 2 | . . . . . . . . . . . . . . . . . . . . . 1 . 1 . Machines Repaired . | . . . . . . . . . . . . . . . . . . . . . . . . . Machines Dismantled . | . . . . . . . . . . . . . . . . . . . . . . . . . Machines Sabotaged . | . . . . . . . . . . . . . . . . . . . . . . . . . Overloaded Fab Kills . | . . . . . . . . . . . . . . . . . . . . . . . . . Hacking | -11 -10 -10 -9 -6 -6 -6 -6 -6 -6 -5 -5 -5 -5 -5 -4 -4 -4 -4 -3 -3 -3 -2 -2 -2 --------- Run | Yrd Mat Sub Scr Fac Was Fac Low Low Zio Pro Fac Upp Upp Zhi Pro Fac Upp War Pro Res Tes Res Qua Frg Machines Accessed 85 | . 8 . 5 1 . 7 2 1 . . 1 . 1 6 1 4 . 2 . 5 11 7 14 9 Terminals 48 | . 6 . . . . 3 . . . . . . . . 1 4 . . . 3 7 5 10 9 Fabricators 4 | . . . . 1 . 2 . . . . . . . . . . . . . 1 . . . . Repair Stations 6 | . 1 . . . . . . . . . . . . . . . . . . . 2 1 2 . Recycling Units 4 | . 1 . . . . 2 . . . . . . . . . . . . . 1 . . . . Scanalyzers 3 | . . . . . . . . . . . 1 . . . . . . . . . 1 . 1 . Garrison Access 3 | . . . . . . . . . . . . . . . . . . . . . 1 1 1 . Total Hacks 202 | . 19 . 31 1 . 12 6 1 . . 1 . 1 19 1 7 . 5 . 7 26 16 31 18 Successful 122 | . 10 . 31 1 . 5 6 1 . . . . 1 19 1 2 . 5 . 2 13 4 15 6 Failed 80 | . 9 . . . . 7 . . . . 1 . . . . 5 . . . 5 13 12 16 12 Catastrophic 17 | . . . . . . 2 . . . . . . . . . 2 . . . 2 1 2 1 7 Database Lockouts . | . . . . . . . . . . . . . . . . . . . . . . . . . Manual 58 | . 9 . . 1 . 10 . . . . . . . 1 . 4 . . . 6 5 5 9 8 Terminals 101 | . 14 . . . . 5 . . . . . . . . 1 7 . . . 5 18 11 22 18 Fabricators 6 | . . . . 1 . 4 . . . . . . . . . . . . . 1 . . . . Repair Stations 13 | . 3 . . . . . . . . . . . . . . . . . . . 4 2 4 . Recycling Units 6 | . 2 . . . . 3 . . . . . . . . . . . . . 1 . . . . Scanalyzers 4 | . . . . . . . . . . . 1 . . . . . . . . . 1 . 2 . Garrison Access 9 | . . . . . . . . . . . . . . . . . . . . . 3 3 3 . Terminal Hacks 85 | . 4 . 31 . . . 6 1 . . . . 1 19 1 1 . 5 . . 5 2 7 2 Record 49 | . . . 30 . . . 5 . . . . . 1 7 . . . 4 . . . . 2 . Part Schematic 4 | . . . . . . . . . . . . . . 4 . . . . . . . . . . Robot Analysis 5 | . 1 . . . . . . . . . . . . 4 . . . . . . . . . . Prototype ID Bank 4 | . . . . . . . . . . . . . . 4 . . . . . . . . . . Open Door 4 | . . . . . . . 1 1 . . . . . . 1 . . 1 . . . . . . Branch Access Points 1 | . . . . . . . . . . . . . . . . . . . . . . 1 . . Terminal Index 3 | . 1 . . . . . . . . . . . . . . . . . . . . . 1 1 Unreport Threat 2 | . . . . . . . . . . . . . . . . . . . . . . . 2 . Locate Traps 8 | . 1 . . . . . . . . . . . . . . . . . . . 3 1 2 1 Registered Components 1 | . 1 . . . . . . . . . . . . . . . . . . . . . . . Zone Layout 2 | . . . . . . . . . . . . . . . . 1 . . . . 1 . . . Proto ID Catalog 1 | . . . 1 . . . . . . . . . . . . . . . . . . . . . Protovariant Controls 1 | . . . . . . . . . . . . . . . . . . . . . 1 . . . Fabricator Hacks . | . . . . . . . . . . . . . . . . . . . . . . . . . Repair Station Hacks 7 | . 2 . . . . . . . . . . . . . . . . . . . 2 1 2 . Scan Component 4 | . 1 . . . . . . . . . . . . . . . . . . . 1 1 1 . Repair 3 | . 1 . . . . . . . . . . . . . . . . . . . 1 . 1 . Recycling Unit Hacks 1 | . 1 . . . . . . . . . . . . . . . . . . . . . . . Retrieve Components 1 | . 1 . . . . . . . . . . . . . . . . . . . . . . . Scanalyzer 3 | . . . . . . . . . . . . . . . . . . . . . 1 . 2 . Insert Component 3 | . . . . . . . . . . . . . . . . . . . . . 1 . 2 . Garrison Access Hacks 2 | . . . . . . . . . . . . . . . . . . . . . 1 . 1 . Seal Access 2 | . . . . . . . . . . . . . . . . . . . . . 1 . 1 . Unauthorized Hacks 24 | . 3 . . 1 . 5 . . . . . . . . . 1 . . . 2 4 1 3 4 Terminals 18 | . 3 . . . . 1 . . . . . . . . . 1 . . . 1 4 1 3 4 Track 3 | . 1 . . . . . . . . . . . . . . . . . . . 1 . . 1 Assimilate 2 | . . . . . . . . . . . . . . . . . . . . 1 1 . . . Botnet 13 | . 2 . . . . 1 . . . . . . . . . 1 . . . . 2 1 3 3 Fabricators 4 | . . . . 1 . 2 . . . . . . . . . . . . . 1 . . . . Report 1 | . . . . . . 1 . . . . . . . . . . . . . . . . . . Liberate 2 | . . . . . . 1 . . . . . . . . . . . . . 1 . . . . Haulers 1 | . . . . 1 . . . . . . . . . . . . . . . . . . . . Repair Stations . | . . . . . . . . . . . . . . . . . . . . . . . . . Recycling Units 2 | . . . . . . 2 . . . . . . . . . . . . . . . . . . Scrapoids 2 | . . . . . . 2 . . . . . . . . . . . . . . . . . . Scanalyzers . | . . . . . . . . . . . . . . . . . . . . . . . . . Garrison Access . | . . . . . . . . . . . . . . . . . . . . . . . . . Data Cores Recovered . | . . . . . . . . . . . . . . . . . . . . . . . . . Used . | . . . . . . . . . . . . . . . . . . . . . . . . . Hacking Detections 59 | . 7 . . . . 5 . . . . 1 . . . . 3 . . . 4 10 7 13 9 Full Trace Events 4 | . . . . . . 1 . . . . . . . . . . . . . . . 3 . . Feedback Events . | . . . . . . . . . . . . . . . . . . . . . . . . . Feedback Blocked . | . . . . . . . . . . . . . . . . . . . . . . . . . Robot Schematics Acquired 4 | . . . . . . . . . 4 . . . . . . . . . . . . . . . Robots Built . | . . . . . . . . . . . . . . . . . . . . . . . . . Authchips . | . . . . . . . . . . . . . . . . . . . . . . . . . Time . | . . . . . . . . . . . . . . . . . . . . . . . . . Total Robot Build Rating . | . . . . . . . . . . . . . . . . . . . . . . . . . Part Schematics Acquired 18 | . . . . . . . . . 14 . . . . 4 . . . . . . . . . . Parts Built . | . . . . . . . . . . . . . . . . . . . . . . . . . Authchips . | . . . . . . . . . . . . . . . . . . . . . . . . . Time . | . . . . . . . . . . . . . . . . . . . . . . . . . Total Part Build Rating . | . . . . . . . . . . . . . . . . . . . . . . . . . Parts Repaired 3 | . 1 . . . . . . . . . . . . . . . . . . . 1 . 1 . Time 129 | . 26 . . . . . . . . . . . . . . . . . . . 14 . 89 . Parts Recycled . | . . . . . . . . . . . . . . . . . . . . . . . . . Recycled Matter . | . . . . . . . . . . . . . . . . . . . . . . . . . Retrieved Matter . | . . . . . . . . . . . . . . . . . . . . . . . . . Retrieved Components . | . . . . . . . . . . . . . . . . . . . . . . . . . Parts Scanalyzed . | . . . . . . . . . . . . . . . . . . . . . . . . . Part Schematics Acquired . | . . . . . . . . . . . . . . . . . . . . . . . . . Parts Damaged . | . . . . . . . . . . . . . . . . . . . . . . . . . Bothacking | -11 -10 -10 -9 -6 -6 -6 -6 -6 -6 -5 -5 -5 -5 -5 -4 -4 -4 -4 -3 -3 -3 -2 -2 -2 ------------ Run | Yrd Mat Sub Scr Fac Was Fac Low Low Zio Pro Fac Upp Upp Zhi Pro Fac Upp War Pro Res Tes Res Qua Frg Used RIF Installer . | . . . . . . . . . . . . . . . . . . . . . . . . . Robots Hacked 1 | . . . . . . . . . . . . . . . . . . 1 . . . . . . Non-combat . | . . . . . . . . . . . . . . . . . . . . . . . . . Combat 1 | . . . . . . . . . . . . . . . . . . 1 . . . . . . Robot Hacks Applied 1 | . . . . . . . . . . . . . . . . . . 1 . . . . . . parse_system 1 | . . . . . . . . . . . . . . . . . . 1 . . . . . . Relay Couplers Released . | . . . . . . . . . . . . . . . . . . . . . . . . . Fabnet Peak Effective % . | . . . . . . . . . . . . . . . . . . . . . . . . . Robots Rewired 10 | . . . . . . . . . . . 2 . . . 3 . . 5 . . . . . . Allies Hacked 1 | . . . . . . 1 . . . . . . . . . . . . . . . . . . Hacks Repelled . | . . . . . . . . . . . . . . . . . . . . . . . . . Allies | -11 -10 -10 -9 -6 -6 -6 -6 -6 -6 -5 -5 -5 -5 -5 -4 -4 -4 -4 -3 -3 -3 -2 -2 -2 -------- Run | Yrd Mat Sub Scr Fac Was Fac Low Low Zio Pro Fac Upp Upp Zhi Pro Fac Upp War Pro Res Tes Res Qua Frg Total Allies 29 | . . . . . . 10 . . 6 . 2 . . 2 3 . . 5 . . 1 . . . Largest Group 7 | . . . . . . 5 3 3 7 7 3 . . 2 5 . . 5 . . 1 . . . Highest-Rated Group 262 | . . . . . . 140 84 84 203 203 82 . . 192 228 . . 262 . . 45 . . . Highest-Rated Ally 96 | . . . . . . 28 28 28 51 51 41 . . 96 96 . . 68 . . 45 . . . Total Orders 41 | . . . . . . 4 4 19 3 . . . . . . . . 2 . . 3 . 6 . STAY 21 | . . . . . . 3 2 10 1 . . . . . . . . 1 . . 2 . 2 . FOLLOW 15 | . . . . . . 1 2 9 1 . . . . . . . . 1 . . 1 . . . EXPLORE 4 | . . . . . . . . . . . . . . . . . . . . . . . 4 . RETURN 1 | . . . . . . . . . 1 . . . . . . . . . . . . . . . Ally Attacks 242 | . . . . . . 97 . 42 . 34 22 . . . 34 . . 13 . . . . . . Total Damage 5545 | . . . . . . 1627 . 661 . 923 966 . . . 1008 . . 360 . . . . . . Kills 42 | . . . . . . 12 . 3 . 11 7 . . . 6 . . 3 . . . . . . Allies Corrupted . | . . . . . . . . . . . . . . . . . . . . . . . . . Allies Melted 3 | . . . 3 . . . . . . . . . . . . . . . . . . . . . Intel | -11 -10 -10 -9 -6 -6 -6 -6 -6 -6 -5 -5 -5 -5 -5 -4 -4 -4 -4 -3 -3 -3 -2 -2 -2 ------- Run | Yrd Mat Sub Scr Fac Was Fac Low Low Zio Pro Fac Upp Upp Zhi Pro Fac Upp War Pro Res Tes Res Qua Frg Active Infowar (turns) 22152 | . 491 831 . 169 195 1653 2017 1237 1800 1466 1000 469 407 511 765 1111 341 1067 965 1199 1697 541 1400 820 Optics 844 | . . . . . . . . . . . 176 469 199 . . . . . . . . . . . Sensors 6089 | . . . . . . . . . . . . . . . . 430 341 1067 965 1199 1662 425 . . IFF 8089 | . . . . 169 63 1653 2017 1194 1266 1257 470 . . . . . . . . . . . . . Terrain 132 | . . . . . . . . . . . . . . . . 132 . . . . . . . . Structural 9695 | . 491 831 . 166 195 1653 1290 1237 1800 1466 566 . . . . . . . . . . . . . Jamming 6816 | . . . . . . . . . . . 999 282 208 511 765 739 . . . . 551 541 1400 820 Robot Analysis Total 5 | . 1 . . . . . . . . . . . . 4 . . . . . . . . . . Derelict Logs Recovered 11 | . . . 3 . . . 2 2 1 1 . . 1 . 1 . . . . . . . . . Drone Launches 3 | . . . . . . . . . 1 . . . . . . . . . . . . . 2 . Drone Recoveries 1 | . . . . . . . . . 1 . . . . . . . . . . . . . . . Exploration | -11 -10 -10 -9 -6 -6 -6 -6 -6 -6 -5 -5 -5 -5 -5 -4 -4 -4 -4 -3 -3 -3 -2 -2 -2 ------------- Run | Yrd Mat Sub Scr Fac Was Fac Low Low Zio Pro Fac Upp Upp Zhi Pro Fac Upp War Pro Res Tes Res Qua Frg Turns Passed 30328 | 82 1261 1241 4546 174 195 1653 2017 1248 1800 1824 1156 469 834 511 765 1689 469 1090 965 1397 1860 541 1405 1136 Spaces Moved 20392 | 71 1071 852 2875 108 130 932 1653 836 1324 1267 569 314 426 280 284 705 179 918 707 1101 1344 507 1076 863 Core 13 | 3 . . . . . . . . . . . . . . . 10 . . . . . . . . Treads 1028 | 7 . 97 510 . . . 1 . . . . . . 28 284 101 . . . . . . . . Legs . | . . . . . . . . . . . . . . . . . . . . . . . . . Wheels 11942 | 61 1071 755 2365 108 130 932 1652 836 1324 1267 541 . . . . 578 141 181 . . . . . . Hover 7398 | . . . . . . . . . . . 28 314 426 241 . 16 38 737 707 1101 1344 507 1076 863 Flight 11 | . . . . . . . . . . . . . . 11 . . . . . . . . . . Fastest Speed 13 | 50 80 95 115 145 145 115 115 131 131 131 101 88 88 146 167 80 83 80 80 13 13 17 15 29 Average Speed 119 | 91 90 120 153 145 145 142 115 131 131 131 128 144 181 162 242 151 188 101 80 75 76 74 80 76 Slowest Speed 435 | 160 95 240 240 145 145 205 405 131 131 131 185 250 256 410 250 435 230 215 80 81 78 81 116 123 Overloaded Moves 143 | . . . . . . . . . . . . 12 50 . . . . . . 16 5 30 29 1 Propulsion Burnouts . | . . . . . . . . . . . . . . . . . . . . . . . . . Robots Hopped . | . . . . . . . . . . . . . . . . . . . . . . . . . Potential Cave-ins 43 | . . . . . 6 . . . . . . 9 19 . . . 1 . . 2 2 1 2 1 Cave-ins Triggered 1 | . . . . . . . . . . . . . 1 . . . . . . . . . . . Teleports 4 | . . . . . . . . . . . . . . . . 1 . . . . . . 1 2 Exploration Rate (%) 52 | 3 98 40 96 4 84 24 93 79 87 87 14 42 20 62 49 15 27 88 57 25 84 19 96 28 Regions Visited 24 Branch Regions 16 Pre-discovered Areas 9 | . . 1 1 . . . 2 . 2 . . . . 3 . . . . . . . . . . Known Exits Taken 13 | . . . . . . 1 1 1 1 1 1 1 . . 1 . . . 1 1 1 1 1 . Unknown Exits Taken 9 | 1 1 1 1 . . . . . . . . . 1 1 . 1 1 1 . . . . . . Scrap Searched 22 | . . 3 6 . . . 4 3 3 1 . . . . 2 . . . . . . . . . Spaces Dug 674 | . 9 7 20 . 24 23 69 16 . 20 15 22 103 . 35 17 6 . 31 69 73 11 35 69 Terrain Destroyed 1786 | . 16 36 75 . 24 110 122 80 . 54 186 28 140 . 20 125 12 7 86 173 150 42 61 239 Melee 54 | . . . . . . 2 . . . . 6 1 . . . 4 1 . . 17 11 . 2 10 Projectile 501 | . 16 7 . . . 22 10 26 . 9 41 . 11 . . 33 6 . 72 40 101 14 54 39 AOE 967 | . . 29 56 . . 86 49 52 . 45 134 6 51 . . 88 . 7 14 110 35 23 . 182 Terrain Rammed . | . . . . . . . . . . . . . . . . . . . . . . . . . Walls Destroyed . | . . . . . . . . . . . . . . . . . . . . . . . . . Machines Disabled . | . . . . . . . . . . . . . . . . . . . . . . . . . Actions | -11 -10 -10 -9 -6 -6 -6 -6 -6 -6 -5 -5 -5 -5 -5 -4 -4 -4 -4 -3 -3 -3 -2 -2 -2 --------- Run | Yrd Mat Sub Scr Fac Was Fac Low Low Zio Pro Fac Upp Upp Zhi Pro Fac Upp War Pro Res Tes Res Qua Frg Total 24625 | 85 1251 969 2976 127 135 1159 1745 945 1387 1382 821 325 459 346 354 1109 280 1071 1026 1517 1931 637 1429 1159 Wait 1596 | . 90 25 3 . 1 87 43 63 40 68 50 2 . 3 37 93 72 42 226 217 249 62 79 44 Move 20368 | 70 1070 851 2874 108 129 931 1652 835 1323 1266 568 313 424 279 283 704 178 917 706 1100 1343 506 1075 863 Hop . | . . . . . . . . . . . . . . . . . . . . . . . . . Pick Up 253 | 8 14 8 33 6 3 17 4 1 5 . 9 1 . 20 . 45 . 11 3 11 23 5 18 8 Fast Attach 201 | 4 1 . 2 . . 6 2 . 3 . 18 1 5 13 1 53 3 14 . 15 27 4 18 11 Attach 155 | 2 . 4 7 11 . 3 3 . . . 18 1 5 1 . 29 1 6 3 7 13 4 12 25 Detach 77 | . . . 6 . . . 4 . . . 9 1 5 3 . 10 2 4 . 5 6 3 6 13 Swap 309 | 1 17 14 20 . 2 27 11 13 7 15 19 4 2 . 1 17 4 8 7 23 39 19 24 15 Drop 265 | . 6 6 14 2 . 25 6 1 8 1 13 . . 27 . 20 2 25 3 21 36 8 23 18 Fire 1166 | . 53 61 14 . . 47 20 32 . 29 81 1 17 . 7 123 12 6 78 69 177 26 167 146 Melee 152 | . . . 2 . . 7 . . 1 3 27 1 . . . 15 6 . . 49 18 . 7 16 Ram 1 | . . . . . . 1 . . . . . . . . . . . . . . . . . . Kick . | . . . . . . . . . . . . . . . . . . . . . . . . . Crush . | . . . . . . . . . . . . . . . . . . . . . . . . . Escape Stasis 17 | . . . . . . 8 . . . . 8 . 1 . . . . . . . . . . . Rewire 65 | . . . 1 . . . . . . . 1 . . . 25 . . 38 . . . . . . Trap . | . . . . . . . . . . . . . . . . . . . . . . . . . Miscellaneous . | . . . . . . . . . . . . . . . . . . . . . . . . . Route ------- -11/Scrapyard -10/Materials (discovered 6 exits: [*Mat x3] / [*Min x2] / [*Sub]) -10/Subcaves -9/Scraptown (discovered 2 exits: *Fac x2) -6/Factory -6/Waste -6/Factory (discovered 2 exits: *Fac / *Low) -6/Lower Caves -6/Lower Caves (discovered 2 exits: *Fac / *Zio) -6/Zion -5/Proximity Caves -5/Factory (discovered 4 exits: *Fac / *Upp / Ext x2) -5/Upper Caves -5/Upper Caves -5/Zhirov -4/Proximity Caves -4/Factory (discovered 2 exits: Res / [*Upp]) -4/Upper Caves -4/Warlord -3/Proximity Caves -3/Research -3/Testing -2/Research (discovered 2 exits: *Qua x2) -2/Quarantine (discovered 3 exits: *Acc / *Sec / *Frg) -2/Protoforge (discovered 1 exit: *Acc) History --------- Turn | Location | Event 24 | -11/Scrapyard | Discovered new exit (range 16) 83 | -11/Scrapyard | Entered Materials 84 | -10/Materials | Met a group of wandering Federalists 121 | -10/Materials | Discovered new exit (range 15) 208 | -10/Materials | Discovered new exit (range 13) 208 | -10/Materials | Discovered new exit (range 8) 224 | -10/Materials | Lost 3 allies 304 | -10/Materials | Discovered new exit (range 6) 315 | -10/Materials | Build established: Mutant 395 | -10/Materials | Discovered new exit (range 8) 938 | -10/Materials | Discovered new exit (range 14) 1250 | -10/Materials | Repaired Salvaging Laser 1344 | -10/Materials | Entered Subcaves 1345 | -10/Subcaves | Continued accompanying wandering Federalists (3) 1345 | -10/Subcaves | Approached by a straggling Scientist 1365 | -10/Subcaves | Learned location of Zion (-6) 1365 | -10/Subcaves | Met a Zionite searching for "candidates" 1450 | -10/Subcaves | Lost 3 allies 2229 | -10/Subcaves | Core integrity fell below 50% 2274 | -10/Subcaves | Lost 3 parts (1n1u1w) 2413 | -10/Subcaves | Shifting Twisted Machinery released Lgt. Humpback 2585 | -10/Subcaves | Entered Scraptown 3018 | -9/Scraptown | Visited Assassins FH 3094 | -9/Scraptown | Visited Red Mages 3188 | -9/Scraptown | Visited Artisan Demo Area 3414 | -9/Scraptown | Visited Spacefarers 4173 | -9/Scraptown | Visited IN-MT5's Study 4214 | -9/Scraptown | Visited Symbiants 4294 | -9/Scraptown | Scanned Subdweller tech in exchange for log data 4301 | -9/Scraptown | Learned Factory terminal intel 4302 | -9/Scraptown | Learned location of Testing (-3) 4320 | -9/Scraptown | Discovered new exit (range 11) 4562 | -9/Scraptown | Visited UFD Registry 4562 | -9/Scraptown | Registered with UFD as "Pulseunit" 4672 | -9/Scraptown | Guru changed UFD alias to "Zerogunner" 4827 | -9/Scraptown | Visited Scrapoid Research Area 4872 | -9/Scraptown | Visited DA-N13 Charitable Foundation 4908 | -9/Scraptown | Visited LU-1G1's Boring Crew 5009 | -9/Scraptown | Delivered Scrap Shield to a Scientist 5181 | -9/Scraptown | Visited Curators Association 5237 | -9/Scraptown | Visited Scrap Suit Storage 5282 | -9/Scraptown | Visited Abandonware Association 5305 | -9/Scraptown | Learned abandonware demo "POISON.EXE" 5337 | -9/Scraptown | Visited Science Guys 5427 | -9/Scraptown | Discovered new exit (range 3) 5547 | -9/Scraptown | Visited Research Penetration Think Tank 5584 | -9/Scraptown | Visited Junk Cannon Lab 5615 | -9/Scraptown | Found Prototype Special Weapon 5615 | -9/Scraptown | Identified Junk Cannon 5692 | -9/Scraptown | Visited CPS Storage 6503 | -9/Scraptown | Visited Chapter 10 6712 | -9/Scraptown | Found DCF Scrap (30 items) 6784 | -9/Scraptown | Met Optimus 6784 | -9/Scraptown | Accepted into 0bPrime 6866 | -9/Scraptown | Civil war broke out across Scraptown 6907 | -9/Scraptown | Found Prototype Special Weapon 6907 | -9/Scraptown | Identified LU-1G1's Laser Shovel 6958 | -9/Scraptown | Found Surveybot 24 Chip 7003 | -9/Scraptown | Lost 4 allies 7007 | -9/Scraptown | Found System Spiker 7120 | -9/Scraptown | Core integrity fell below 20% 7131 | -9/Scraptown | Entered Factory 7131 | -6/Factory | Evolved 8 slots: Propulsion x2, Utility x5, Weapon x1 7132 | -6/Factory | Loaded intel: 26 terminal locations 7141 | -6/Factory | Destroyed 7 combat bots 7305 | -6/Factory | Sucked down chute 7305 | -6/Factory | Entered Waste 7311 | -6/Waste | Found Broken Imp. Powered Armor 7358 | -6/Waste | Spotted C-40 Crusher 7382 | -6/Waste | Spotted C-40 Crusher 7395 | -6/Waste | Spotted C-40 Crusher 7410 | -6/Waste | Spotted C-40 Crusher 7459 | -6/Waste | Discovered new exit (range 13) 7500 | -6/Waste | Entered Factory 7677 | -6/Factory | Discovered new exit (range 7) 7988 | -6/Factory | Scrapoids reinforcements arrived? 8279 | -6/Factory | Build established: Commander-Tank 8380 | -6/Factory | Identified exit to Factory 8600 | -6/Factory | Lost 3 allies 8850 | -6/Factory | Build established: Scavenger-Mutant 8906 | -6/Factory | Discovered new exit (range 8) 8915 | -6/Factory | Identified exit to Lower Caves 9054 | -6/Factory | Scrapoids reinforcements arrived? 9104 | -6/Factory | Garrison activated, responded to threat 9153 | -6/Factory | Entered Lower Caves 9153 | -6/Lower Caves | Accompanied by 3 allies 9155 | -6/Lower Caves | UFD Scientist delivered a prototype 9157 | -6/Lower Caves | Found Prototype Protection 9157 | -6/Lower Caves | Identified Enh. Scrap Shield 9177 | -6/Lower Caves | Learned Factory trap positions 9193 | -6/Lower Caves | Entered an active Warlord outpost 9221 | -6/Lower Caves | Learned location of Armory (-3) 9221 | -6/Lower Caves | Learned Factory security intel 9463 | -6/Lower Caves | Build established: Scavenger-Skirmisher 9562 | -6/Lower Caves | Attracted the attention of an 0b10 checkpoint 9869 | -6/Lower Caves | Discovered new exit (range 13) 10586 | -6/Lower Caves | Learned location of Extension (-5) 11158 | -6/Lower Caves | Identified exit to Lower Caves 11170 | -6/Lower Caves | Entered another Lower Caves area 11170 | -6/Lower Caves | Accompanied by 3 allies 11183 | -6/Lower Caves | Discovered exit to Factory (range 7) 11355 | -6/Lower Caves | Spotted B-75 Beast 11369 | -6/Lower Caves | Allies destroyed B-75 Beast 11653 | -6/Lower Caves | Build established: Scavenger-Mutant 12137 | -6/Lower Caves | Learned Factory garrison access intel 12261 | -6/Lower Caves | Discovered new exit (range 15) 12278 | -6/Lower Caves | Identified exit to Zion 12418 | -6/Lower Caves | Entered Zion 12418 | -6/Zion | Accompanied by 1 ally 12581 | -6/Zion | Discovered new exit (range 7) 12589 | -6/Zion | Identified exit to Proximity Caves 12622 | -6/Zion | Found Prototype Special Weapon 12622 | -6/Zion | Identified RU-N14's Throwing Claymores 12631 | -6/Zion | Found RU-N14's Throwing Claymores 12916 | -6/Zion | Learned location of Quarantine (-2) 13054 | -6/Zion | Found CR-A16's Pointy Stick 13202 | -6/Zion | Turned away by Imprinter 13312 | -6/Zion | Learned Factory scanalyzer intel 13420 | -6/Zion | Given A8's code to call for help 13580 | -6/Zion | Gained Derelict followers 13682 | -6/Zion | Given the Hacking Drone Bay 13683 | -6/Zion | Found Prototype Device 13684 | -6/Zion | Identified Hacking Drone Bay 14218 | -6/Zion | Entered Proximity Caves 14218 | -5/Proximity Caves | Accompanied by 7 allies 14504 | -5/Proximity Caves | Build established: Scavenger-Tank 14840 | -5/Proximity Caves | Learned 4 Factory zone layouts 14865 | -5/Proximity Caves | Build established: Scavenger-Skirmisher 15065 | -5/Proximity Caves | Attracted the attention of an 0b10 checkpoint 15211 | -5/Proximity Caves | Spotted B-75 Beast 15217 | -5/Proximity Caves | Destroyed B-75 Beast 15727 | -5/Proximity Caves | Discovered exit to Factory (range 15) 16042 | -5/Proximity Caves | Entered Factory 16042 | -5/Factory | Accompanied by 3 allies 16042 | -5/Factory | Evolved 2 slots: Propulsion x1, Utility x1 16043 | -5/Factory | Identified exit to Upper Caves 16043 | -5/Factory | Identified exit to Extension 16045 | -5/Factory | Loaded intel: 58 trap records 16047 | -5/Factory | Loaded intel: 4 scanalyzer locations 16048 | -5/Factory | Loaded intel: 4 garrison access locations 16140 | -5/Factory | Build established: Scavenger-Mutant 16536 | -5/Factory | Lost 3 allies 16547 | -5/Factory | Discovered new exit (range 9) 16549 | -5/Factory | Destroyed 8 combat bots 16557 | -5/Factory | Identified exit to Factory 16824 | -5/Factory | Cargo convoy interrupted 16829 | -5/Factory | System corruption reached 10% 16829 | -5/Factory | System corruption reached 30% 16855 | -5/Factory | Destroyed 7 combat bots 16937 | -5/Factory | Core integrity fell below 50% 16967 | -5/Factory | Lost 13 parts (1p6n4u2w) 17012 | -5/Factory | Found Prototype Launcher 17012 | -5/Factory | Identified Enh. Gamma Bomb Array 17198 | -5/Factory | Entered Upper Caves 17216 | -5/Upper Caves | Lost 6 parts (1p4n1u) 17432 | -5/Upper Caves | Build established: Mutant 17518 | -5/Upper Caves | Discovered new exit (range 11) 17531 | -5/Upper Caves | Identified exit to Upper Caves 17667 | -5/Upper Caves | Entered another Upper Caves area 17672 | -5/Upper Caves | Core integrity fell below 20% 17866 | -5/Upper Caves | Crushed by falling debris 17897 | -5/Upper Caves | Lost 3 parts (3u) 17948 | -5/Upper Caves | Discovered new exit (range 8) 18091 | -5/Upper Caves | Build established: Scavenger-Gunner 18264 | -5/Upper Caves | Learned location of 1 exit from Factory 18351 | -5/Upper Caves | Entered a destroyed Warlord outpost 18501 | -5/Upper Caves | Entered Zhirov 18509 | -5/Zhirov | Discovered new exit (range 3) 18535 | -5/Zhirov | Met Zhirov 18565 | -5/Zhirov | Learned location of Command (-1) 18622 | -5/Zhirov | Zhirov requested help retrieving the SGEMP Prototype 18673 | -5/Zhirov | Found Alien Artifact 18673 | -5/Zhirov | Identified Integrated Dissipator 18673 | -5/Zhirov | Installed Integrated Dissipator, increased core heat dissipation (+20) 18691 | -5/Zhirov | Found Alien Artifact 18762 | -5/Zhirov | Build established: Mutant 18831 | -5/Zhirov | Enhanced Grunt warped into view, answering call for help 18842 | -5/Zhirov | Enhanced Grunt warped into view, answering call for help 19012 | -5/Zhirov | Entered Proximity Caves 19012 | -4/Proximity Caves | Accompanied by 2 allies 19017 | -4/Proximity Caves | Spotter reported a threat 19018 | -4/Proximity Caves | Spotter reported a threat 19188 | -4/Proximity Caves | Build established: Scavenger-Mutant 19394 | -4/Proximity Caves | Learned Research stockpile data 19773 | -4/Proximity Caves | Discovered exit to Factory (range 4) 19777 | -4/Proximity Caves | Entered Factory 19777 | -4/Factory | Evolved 2 slots: Power x1, Propulsion x1 19778 | -4/Factory | Identified exit to Research 19981 | -4/Factory | Destroyed 8 combat bots 20027 | -4/Factory | First assault squad dispatched 20275 | -4/Factory | Lost 3 parts (1p2n) 20390 | -4/Factory | System corruption reached 10% 20392 | -4/Factory | Identified Transdimensional Reconstructor 20392 | -4/Factory | Warped through subspace 20422 | -4/Factory | Lost 11 parts (2p2n5u2w) 20658 | -4/Factory | Lost 5 parts (3n1u1w) 20922 | -4/Factory | System corruption reached 30% 21004 | -4/Factory | Lost 10 parts (2p4n2u2w) 21222 | -4/Factory | Lost 3 parts (1n1u1w) 21231 | -4/Factory | Cargo convoy interrupted 21236 | -4/Factory | Spotted Executioner 21246 | -4/Factory | Core integrity fell below 50% 21247 | -4/Factory | Garrison activated, responded to threat 21260 | -4/Factory | Destroyed Executioner 21283 | -4/Factory | Destroyed 8 combat bots 21292 | -4/Factory | Lost 15 parts (2p4n5u4w) 21351 | -4/Factory | Discovered new exit (range 11) 21466 | -4/Factory | Entered Upper Caves 21564 | -4/Upper Caves | Lost 3 parts (2p1u) 21739 | -4/Upper Caves | Build established: Mutant 21914 | -4/Upper Caves | A Derelict revealed a hidden shortcut to "reach the base" 21935 | -4/Upper Caves | Entered Warlord 21997 | -4/Warlord | System corruption cleaned by Quarantine Array 22225 | -4/Warlord | Rebuked by Warlord 22250 | -4/Warlord | Warlord's base attacked by MAIN.C 22293 | -4/Warlord | Found Prototype Reactor 22297 | -4/Warlord | Found Prototype Device 22297 | -4/Warlord | Identified Exp. Phase Shifter 22306 | -4/Warlord | Identified Vortex Chain Reactor 22314 | -4/Warlord | Found Prototype Device 22314 | -4/Warlord | Identified Exp. Focal Shield 22319 | -4/Warlord | Found Prototype Processor 22335 | -4/Warlord | Found Prototype Hackware 22443 | -4/Warlord | Found Prototype Piercing Weapon 22443 | -4/Warlord | Identified Vortex Lance 22450 | -4/Warlord | Found Prototype Energy Gun 22450 | -4/Warlord | Identified Vortex Rail 22462 | -4/Warlord | Found Vortex Lance 22600 | -4/Warlord | Warlord forces counterattacked 22845 | -4/Warlord | Spotted Executioner 22889 | -4/Warlord | Lost 3 allies 22895 | -4/Warlord | Spotted Striker 22896 | -4/Warlord | Destroyed Striker 22925 | -4/Warlord | Warlord base infiltrated, sounded retreat 22983 | -4/Warlord | Lost 4 allies 23015 | -4/Warlord | Discovered new exit (range 14) 23025 | -4/Warlord | Entered Proximity Caves 23961 | -3/Proximity Caves | Discovered exit to Research (range 14) 23990 | -3/Proximity Caves | Entered Research 23990 | -3/Research | Evolved 2 slots: Propulsion x1, Utility x1 24536 | -3/Research | Discovered new exit (range 15) 24597 | -3/Research | Found Fusion Bomb Launcher 24873 | -3/Research | Spotted B-86 Titan 24908 | -3/Research | Identified System Mapper 24973 | -3/Research | Identified Exp. Armor Integrity Analyzer 25217 | -3/Research | Build established: Hacker-Mutant 25251 | -3/Research | System corruption reached 10% 25386 | -3/Research | Identified exit to Testing 25387 | -3/Research | Entered Testing 25401 | -3/Testing | Found Prototype Energy Cannon 25401 | -3/Testing | Identified Hpw. Disruptor Cannon 25431 | -3/Testing | Found Prototype Launcher 25431 | -3/Testing | Identified Z-bomb Delivery System 25516 | -3/Testing | Found Prototype Device 25516 | -3/Testing | Identified AEGIS Remote Shield 25640 | -3/Testing | Protovariant out of control (PD-MWGIDIWRDZ) 25640 | -3/Testing | Unleashed a protovariant (PD-MWGIDIWRDZ) 25722 | -3/Testing | Found Prototype Processor 25722 | -3/Testing | Identified Exp. Melee Analysis Suite 25757 | -3/Testing | Found Prototype Ballistic Cannon 25757 | -3/Testing | Identified Perforator 25857 | -3/Testing | Found Prototype Device 25893 | -3/Testing | Identified Adv. Kinecellerator 26142 | -3/Testing | Repaired Mak. Propulsion Shielding 26186 | -3/Testing | Found Prototype Ballistic Gun 26186 | -3/Testing | Identified Hyp. Multirail 26236 | -3/Testing | Found Prototype Hackware 26312 | -3/Testing | Found Prototype Launcher 26312 | -3/Testing | Identified Containment Facilitator 26732 | -3/Testing | Discovered new exit (range 13) 26809 | -3/Testing | Found Prototype Energy Cannon 26809 | -3/Testing | Identified Disintegrator 26828 | -3/Testing | Identified Ghost Barrier 26876 | -3/Testing | Identified exit to Research 26973 | -3/Testing | Found Prototype Energy Cannon 26973 | -3/Testing | Identified Potential Cannon 27084 | -3/Testing | Found Prototype Energy Gun 27084 | -3/Testing | Identified Warp Gun 27247 | -3/Testing | Entered Research 27247 | -2/Research | Evolved 2 slots: Propulsion x1, Utility x1 27497 | -2/Research | First assault squad dispatched 27498 | -2/Research | Identified exit to Quarantine 27788 | -2/Research | Entered Quarantine 27799 | -2/Quarantine | Lost 3 parts (2n1u) 27826 | -2/Quarantine | Found Alien Artifact 27839 | -2/Quarantine | Identified Terrabomb 27839 | -2/Quarantine | Used Terrabomb 27846 | -2/Quarantine | Found Terrabomb 27992 | -2/Quarantine | Found Alien Artifact 28006 | -2/Quarantine | Lost 3 parts (2u1w) 28032 | -2/Quarantine | Discovered new exit (range 16) 28041 | -2/Quarantine | Found Alien Artifact 28115 | -2/Quarantine | Identified Phase Redirector 28115 | -2/Quarantine | Identified Core Reset Matrix 28258 | -2/Quarantine | Found Alien Artifact 28322 | -2/Quarantine | Found Transdimensional Reconstructor 28326 | -2/Quarantine | Found Alien Artifact 28328 | -2/Quarantine | Identified Hpw. Transdimensional Reconstructor 28328 | -2/Quarantine | Warped through subspace 28424 | -2/Quarantine | Found Hpw. Transdimensional Reconstructor 28427 | -2/Quarantine | Found Hpw. Transdimensional Reconstructor 28594 | -2/Quarantine | Found Alien Energy Cannon 28596 | -2/Quarantine | Identified Core Cannon 28623 | -2/Quarantine | Repaired Cld. Gravmag System? 28772 | -2/Quarantine | System corruption reached 10% 28893 | -2/Quarantine | Found Gamma Bomb Array 29039 | -2/Quarantine | Found Alien Impact Weapon 29039 | -2/Quarantine | Identified Core Stripper 29143 | -2/Quarantine | Spotted Fortress 29187 | -2/Quarantine | Discovered new exit (range 5) 29187 | -2/Quarantine | Discovered new exit (range 6) 29190 | -2/Quarantine | Identified exit to Section 7 29192 | -2/Quarantine | Identified exit to Protoforge 29193 | -2/Quarantine | Entered Protoforge 29235 | -2/Protoforge | Superfortress began startup sequence 29384 | -2/Protoforge | Spotted B-90 Cyclops 29692 | -2/Protoforge | Discovered new exit (range 7) 29695 | -2/Protoforge | Identified exit to Access 29839 | -2/Protoforge | Spotted Hotshot 29910 | -2/Protoforge | Spotted Hotshot 29910 | -2/Protoforge | Spotted Hotshot 29930 | -2/Protoforge | Destroyed Hotshot 29931 | -2/Protoforge | Destroyed Hotshot 30006 | -2/Protoforge | Warped through subspace 30042 | -2/Protoforge | Core integrity fell below 50% 30074 | -2/Protoforge | Lost 7 parts (1p2n4u) 30116 | -2/Protoforge | Destroyed Hotshot 30129 | -2/Protoforge | Spotted Hotshot 30133 | -2/Protoforge | Spotted Hotshot 30133 | -2/Protoforge | Spotted Hotshot 30139 | -2/Protoforge | Destroyed Hotshot 30163 | -2/Protoforge | Spotted Decapitator 30183 | -2/Protoforge | Spotted Decapitator 30183 | -2/Protoforge | Warped through subspace 30193 | -2/Protoforge | First assault squad dispatched 30213 | -2/Protoforge | Lost 10 parts (7n1u2w) 30263 | -2/Protoforge | Spotted Hotshot 30263 | -2/Protoforge | Spotted Hotshot 30263 | -2/Protoforge | Spotted Hotshot 30271 | -2/Protoforge | Build established: Scavenger-Mutant 30319 | -2/Protoforge | Core integrity fell below 20% 30329 | -2/Protoforge | Destroyed by Hotshot with Precision Phase Gun Last Messages --------------- 30305_ Acquired Potential Cannon. 30310_ Dropped Potential Cannon. 30313_ Acquired Potential Cannon. 30314_ Hotshot suffers critical hit (Sunder). 30314_ Hotshot Exp. Weapon Shielding ripped off. 30314_ Vortex Lance destroyed. 30315_ System corrupted: Heat flow error (+156). 30317_ Imp. Antigrav System destroyed. 30320_ Cld. Gravmag System destroyed. 30320_ Critical hit (Burn: +37). 30321_ CR-A16's Pointy Stick destroyed. 30321_ Destroyed CR-A16's Pointy Stick. 30321_ Critical hit (Burn: +37). 30324_ P-80 Master destroyed. 30325_ Critical hit (Burn: +37). 30326_ Hotshot activates shielding mode. 30327_ Destroyed Imp. Antigrav System. 30327_ Destroyed Gamma Rifle. 30327_ P-80 Master destroyed. 30328_ Potential Cannon destroyed. Map ----- +----------------------------------------------------+ | ?????????????????????????????????????????????????? | | ?????????????????????????????????????????????????? | | ?????????????????????????????????????????????????? | | ?????????????????????????????????????????????????? | | ?????????????????????????????????????????????????? | | ?????????????????????????????????????????????????? | | ?????????????????????????????????????????????????? | | ?????????????????????????????????????????????????? | | ?????????????????????????????????????????????????? | | ?????????????????????????????????????????????????? | | ?????????????????????????????????????????????????? | | ?????????????????????????????????????????????????? | | ?????????????????????????????????????????????????? | | ?????????????????????????????????????????????????? | | ?????????????????????????????????????????????????? | | ?????????????????????????????????????????????????? | | ?????????????????????????????????????????????????? | | ?????????????????????????????????????????????????? | | ?????????????????????????????????????????????????? | | ???????????????????????????????##????????????????? | | ?????????????????????????######;#????????????????? | | ??????????? ###?????#### #?????????????????? | | ######?????;;#;; #### # #?????????????????? | | ? [ ;;;;;;;;;;; #?????????????????? | | ? * * ;gg #?????????????????? | | ? @ #?????????????????? | | ???? ;;;;;;; ;;# #?????????????????? | | ###+##???; # g # #?????????????????? | | # ? ????????# # ;#????????????????? | | # ? ????????# """ """ # ; #???????????????? | | # ? #???????+ """ """ # ; #??????????????? | | # +???????# """ """ # #??????????????? | | # """ #???????# # ; ##??????????????? | | # """ +???????#####"######"";;; #???????????????? | | # """ #####+######"##????## ###???????????????? | | # """ ## #??????####?????????????????? | | # """ #" """ #???????????????????????????? | | + """ "# """ #???????????????????????????? | | # """ ## """ #???????????????????????????? | | # ## """ #???????????????????????????? | | ###"#### """ #???????????????????????????? | | ##?##"#?# """ #???????????????????????????? | | ??? # """ #???????????????????????????? | | ? """"" # """ #???????????????????????????? | | ""T"" # """ #???????????????????????????? | | # ""T"" #???????????????????????????? | | # """"" #???????????????????????????? | | ##############???????????????????????????? | | #????????????????????????????????????????? | | #????????????????????????????????????????? | +----------------------------------------------------+ Best States ------------- Heat Dissipation 96 Energy Generation 70 Energy Capacity 1800 Matter Stores 570 Matter Capacity 800 Sight Range 23 Robot Scan Range 16 Terrain Scan Range 16 Terrain Scan Density 210 Jamming Range 14 Power Amplification 30 Armor Coverage 1200 Resistance: KI 30 Resistance: TH 15 Core Shielding 40 Propulsion Shielding 90 Weapon Shielding 90 Weapon Cycling 15 Phase Shifting 20 Evasion (%) 64 Target Analysis 8 Armor Integrity Analysis 50 Recoil Reduction 4 Matter Filtering 30 Offensive Hacking 30 Defensive Hacking 12 Item Schematics ----------------- Imp. Reaction Control System | -6/Zion | Archive Adv. Drone Bay | -6/Zion | Archive Hvy. Pick | -6/Zion | Archive Antigrav System | -6/Zion | Archive Nuclear Pulse Thruster | -6/Zion | Archive KE Penetrator | -6/Zion | Archive Imp. Actuator Array | -6/Zion | Archive Adv. Cryofiber Web | -6/Zion | Archive Lgt. Antimatter Reactor | -6/Zion | Archive Proton Cannon | -6/Zion | Archive Adv. Terrain Scanner | -6/Zion | Archive Lrn. Tractor Beam | -6/Zion | Archive Lgt. Fission Core | -6/Zion | Archive Imp. Thermal Shield | -6/Zion | Archive Assault Drone Bay | -5/Zhirov | Free Exp. Heat Sink | -5/Zhirov | Free Exp. Optical Array | -5/Zhirov | Free Imp. Arc Thrower | -5/Zhirov | Free Robot Schematics ------------------ L-41 Fighter | -6/Zion | Archive S-27 Virus | -6/Zion | Archive K-01 Serf | -6/Zion | Archive X-82 Rainmaker | -6/Zion | Archive Fabricated ------------ Nothing Repaired ---------- Salvaging Laser | 66% | -10/Materials Mak. Propulsion Shielding | 13% | -3/Testing Cld. Gravmag System | 26% | -2/Quarantine Alien Tech Used ----------------- Integrated Dissipator Transdimensional Reconstructor Terrabomb High-powered Transdimensional Reconstructor Core Cannon Core Stripper Achievements -------------- None Challenges ------------ None Game ------ Seed StormImprinterFrame Manual? 0 Play Time 09:08:33 Cumulative 1354.4 hours Start 2025.05.11 @ 21:43:38 End 2025.05.19 @ 23:43:16 Sessions 9 Manual Loads 0 Difficulty Rogue Special Mode None Game No. 489 Rogue 489 Adventurer 0 Explorer 0 Win Type - Total 32 Types 16/2/8/0/0/0/6/0/0/0 Lore% 83 Gallery% 83 Achievement% 85 Wizard Run 0 Options --------- Layout 1 ASCII 0 Keyboard 0 Movement Vi Keybinds 0 Fullscreen 0 Font 14/CherryShadow Map View 64x42 Zoom Use 0% Tactical HUD 1 Map Filters NONE Filters NONE Steam 1 RUN: e093686d-d9d7-4b2b-9af3-fac2d8a1e4ae